 Dungeon Crawl Stone Soup version 0.27.1-2-g3b301248ec (webtiles) character file.

Game seed: 237407000978900369

53 nxtlvl the Skirmisher (level 3, 0/37 HPs)
             Began as a Troll Abyssal Knight on Sept 23, 2021.
             Was a Follower of Lugonu.
             Succumbed to Jessica's poison
             ... on level 3 of the Dungeon.
             The game lasted 00:01:45 (218 turns).

nxtlvl the Skirmisher (Troll Abyssal Knight)         Turns: 218, Time: 00:01:45

Health: 0/37       AC:  4    Str: 20    XL:     3   Next: 64%
Magic:  3/3        EV: 10    Int:  8    God:    Lugonu [*.....]
Gold:   24         SH:  0    Dex: 10    Spells: 2/2 levels left

rFire    . . .     SeeInvis .     - Unarmed
rCold    . . .     Faith    .   (no shield)
rNeg     . . .     Spirit   .   a - +0 robe
rPois    .         Reflect  .   (helmet restricted)
rElec    .         Harm     .   (no cloak)
rCorr    .         Rampage  .   (gloves unavailable)
Will     .....                  (boots unavailable)
Stlth    +.........             (no amulet)
HPRegen  1.12/turn              (no ring)
MPRegen  0.08/turn              (no ring)

@: lethally poisoned (0 -> -2)
A: large, unfitting armour, claws 3, regeneration 1, shaggy fur 1, tough skin 1
a: Renounce Religion, Depart the Abyss


You were on level 3 of the Dungeon.
You worshipped Lugonu.
Lugonu was aware of your devotion.
You visited 1 branch of the dungeon, and saw 3 of its levels.
You visited the Abyss 1 time.

You collected 24 gold pieces.

Inventory:

Armour
 a - a +0 robe (worn)


   Skills:
 + Level 3.2 Fighting
 + Level 2.3 Dodging
 + Level 2.5 Unarmed Combat
 + Level 1.7 Invocations


You had 2 spell levels left.
You didn't know any spells.
Your spell library was empty.

Dungeon Overview and Level Annotations

Branches:
Dungeon (3/15)

Altars:


Innate Abilities, Weirdness & Mutations

You are too large for most types of armour.
You have claws for hands.
Your natural rate of healing is unusually fast.
You are covered in fur. (AC +1)
You have tough skin. (AC +1)


Message History

You are more poisoned.
The adder poisons you!
You miss the adder.
You feel sick. The adder bites you but does no damage.
You closely miss the adder.
You feel sick. The adder bites you.
* * * LOW HITPOINT WARNING * * *
Jessica mumbles some strange words.
Jessica blinks!
You miss the adder.
You feel sick. The adder bites you but does no damage.
The adder closely misses you.
You claw the adder!
The adder is heavily wounded.
You feel sick. The adder barely misses you.
You barely miss the adder.
The adder is heavily wounded.
You feel sick. The adder bites you but does no damage.
You miss the adder.
The adder is heavily wounded.
You feel sick. The adder bites you.
* * * LOW HITPOINT WARNING * * *
The adder bites you but does no damage.
You scratch the adder.
You kill the adder!
Lugonu accepts your kill.
You feel sick.
You are no longer poisoned.
Jessica hits you with a +1 dagger of venom.
* * * LOW HITPOINT WARNING * * *
You are lethally poisoned!
Your Fighting skill increases to level 3!
You claw Jessica!
You kill Jessica!
Lugonu accepts your kill.
* * * LOW HITPOINT WARNING * * *
You feel very sick.
You have reached level 3!
Your experience leads to an increase in your attributes!
Increase (S)trength, (I)ntelligence, or (D)exterity?
You feel agile.
You feel stronger.
You aren't carrying any potions.
You die...

### #.#
#.#####
#<....#
#.....# #
#.....#
.###.
#.#####
......#@#
#......#####
#..........#
+$........##
#...#.....#
...........+
##...#.....+
#...#.....#
### #######


There were no monsters in sight!

Vanquished Creatures
  Jessica (D:3)
  2 adders
  3 bats
  A kobold (D:2)
  A quokka (D:1)
  A frilled lizard (D:2)
  3 rats (D:2)
12 creatures vanquished.

Notes
Turn   | Place    | Note
-------+----------+-------------------------------------------
     0 | Abyss:1  | nxtlvl the Troll Abyssal Knight began the quest for the
                  | Orb.
     0 | Abyss:1  | Reached XP level 1. HP: 22/22 MP: 1/1
    32 | Abyss:1  | Found a corrupted altar of Lugonu.
    39 | D:1      | Escaped the Abyss
   141 | D:2      | Reached XP level 2. HP: 20/29 MP: 2/2
   197 | D:3      | Noticed Jessica
   217 | D:3      | Reached skill level 3 in Fighting
   217 | D:3      | Killed Jessica
   217 | D:3      | HP: 1/31 [poisoned by Jessica]
   218 | D:3      | Reached XP level 3. HP: 1/37 MP: 3/3
   218 | D:3      | Succumbed to Jessica's poison

Illustrated notes

Levels and vault maps discovered:
D:1:      minmay_arrival_semitransparent, layout_loops_corners,
          item_on_display_a
D:2:      layout_rooms, chequers_ecumenical_altar_simple_redux
D:3:      layout_basic, chequers_mini_garden, chequers_arboretum,
          kennysheep_generic_room_3, uniq_jessica, uniq_terence, uniq_ijyb

Skill      XL: |  1  2 |
---------------+-------+-----
Dodging        | 2 |  2.3
Fighting       | 3 |  3.2
Unarmed Combat | |  2.5
Invocations    | |  1.7

Action                   || total
-------------------------++-------
Melee: Unarmed           ||    44
Armor: Robe              ||    14
Dodge: Dodged            ||    22
